 Dungeon Crawl Stone Soup version 0.27-a0-1105-g946c659c87 (webtiles) character file.

Game seed: 14900463950632190646

46 HoaS the Ruffian (level 3, 0/21 HPs)
             Began as a Gargoyle Gladiator on Apr 30, 2021.
             Slain by Edmund
             ... wielding a +0 flail of protection
              (2 damage)
             ... on level 4 of the Dungeon.
             The game lasted 00:04:37 (1252 turns).

HoaS the Ruffian (Gargoyle Gladiator)               Turns: 1252, Time: 00:04:38

Health: 0/21       AC: 13    Str: 18    XL:     3   Next: 68%
Magic:  0/3        EV:  7    Int:  8    God:
Gold:   44         SH:  0    Dex: 11    Spells: 2/2 levels left

rFire    + . .     SeeInvis .     - Unarmed
rCold    + . .     Faith    .   (no shield)
rNeg     + . .     Spirit   +   f - +0 chain mail
rPois    ∞         Reflect  .   b - +0 helmet
rElec    +         Harm     .   e - scarf {rC+ rF+}
rCorr    .         Rampage  .   d - +0 pair of gloves
Will     .....                  (no boots)
Stlth    ..........             k - amulet of guardian spirit
HPRegen  0.07/turn              (no ring)
MPRegen  0.08/turn              (no ring)

@: no status effects
A: AC +3, negative energy resistance 1, electricity resistance, torment
resistance 1, unbreathing 1, petrification resistance
a: no special abilities


You were on level 4 of the Dungeon.
You visited 1 branch of the dungeon, and saw 3 of its levels.

You collected 44 gold pieces.

Inventory:

Armour
 b - a +0 helmet (worn)
 d - a +0 pair of gloves (worn)
 e - a scarf of resistance (worn)
 f - a +0 chain mail (worn)
Jewellery
 k - an amulet of guardian spirit (around neck)
Scrolls
 a - 2 scrolls of acquirement {unknown}
 g - a scroll of fog {unknown}
 h - a scroll of noise {unknown}
 i - a scroll of silence {unknown}
 j - a scroll of identify {unknown}
Potions
 l - a potion of magic {unknown}


   Skills:
 - Level 2.1 Fighting
 - Level 1.7 Throwing
 - Level 2.4 Dodging
 + Level 4.5 Unarmed Combat


You had 2 spell levels left.
You didn't know any spells.
Your spell library was empty.

Dungeon Overview and Level Annotations

Branches:
Dungeon (2/15)

Altars:

Annotations:
D:4 Edmund


Innate Abilities, Weirdness & Mutations

Your stone body is resilient. (AC +3)
You are immune to poison.
You resist negative energy. (rN+)
You are resistant to electric shocks. (rElec)
You are resistant to unholy torment.
You can survive without breathing.
You are immune to petrification.


Message History

Edmund hits you but does no damage.
You closely miss Edmund.
Edmund is heavily wounded.
Edmund hits you but does no damage.
You hit Edmund.
Edmund is heavily wounded.
You hit Edmund.
Edmund is heavily wounded.
Edmund drinks a potion.
Edmund is healed!
You closely miss Edmund.
Edmund is moderately wounded.
Edmund hits you with a +0 flail of protection.
You hit Edmund but do no damage.
Edmund is moderately wounded.
Edmund hits you but does no damage.
You hit Edmund but do no damage.
Edmund is moderately wounded.
Edmund hits you but does no damage.
You closely miss Edmund.
Edmund is moderately wounded.
Edmund hits you but does no damage.
You barely miss Edmund.
Edmund is moderately wounded.
Edmund hits you but does no damage.
You hit Edmund.
Edmund is heavily wounded.
Edmund hits you with a +0 flail of protection!
* * * LOW HITPOINT WARNING * * *
You hit Edmund but do no damage.
Edmund is heavily wounded.
Edmund hits you but does no damage.
You hit Edmund but do no damage.
Edmund is heavily wounded.
Edmund hits you but does no damage.
You barely miss Edmund.
Edmund is heavily wounded.
You hit Edmund.
Edmund is heavily wounded.
Edmund hits you with a +0 flail of protection.
You die...

#### ...###
###......
#........
.........
#........
##.......#
.#####.....#
.......@...#
###.##.@...#
# #.....#
......#
#.#....#
...(##..
...?## ###
.....


You could see Edmund.

Vanquished Creatures
  A dart slug (D:1)
  8 ball pythons
  5 bats (D:1)
  2 endoplasms (D:1)
  2 giant cockroaches (D:1)
  2 goblins (D:1)
  6 hobgoblins
  2 jackals (D:2)
  2 kobolds
  3 quokkas (D:1)
  4 rats
37 creatures vanquished.

Notes
Turn   | Place    | Note
-------+----------+-------------------------------------------
     0 | D:1      | HoaS the Gargoyle Gladiator began the quest for the Orb.
     0 | D:1      | Reached XP level 1. HP: 12/12 MP: 1/1
    78 | D:1      | Reached XP level 2. HP: 12/17 MP: 2/2
   465 | D:1      | Reached skill level 4 in Unarmed Combat
   472 | D:1      | Reached XP level 3. HP: 19/21 MP: 3/3
   654 | D:1      | Found a faded altar of an unknown god.
  1200 | D:2      | You fall into a shaft and drop 2 floors!
  1200 | D:4      | Noticed Edmund
  1248 | D:4      | HP: 1/21 [Edmund/+0 flail of protection (6)]
  1252 | D:4      | Slain by Edmund

Illustrated notes

Levels and vault maps discovered:
D:1:      shiori_arrival_maze, layout_rooms, hellmonk_ecumenical_altar_lost_god
D:2:      layout_basic, uniq_crazy_yiuf_cottage
D:4:      layout_rooms, lemuel_zombie_altar_kikubaaqudgha,
          nemelex_diamond_rough_becter, led_sif_pool, minmay_misc_feat_chi,
          uniq_edmund

Skill      XL: |  1  2 |
---------------+-------+-----
Unarmed Combat | 4 |  4.5
Fighting       | |  2.1
Throwing       | |  1.7
Dodging        | |  2.4

Action                   || total
-------------------------++-------
Melee: Unarmed           ||   153
Throw: Throwing net      ||     3
 Stab: Sleeping          ||     1
       Held in net/web   ||     3
Armor: Leather armour    ||    18
       Chain mail        ||    76
Dodge: Dodged            ||    63

Table legend: (Time is in decaauts)
 A = Elapsed time spent in this place.
 B = Non-inter-level travel time spent in this place.
 C = Inter-level travel time spent in this place.
 D = Time resting spent in this place.
 E = Time spent auto-exploring this place.
 F = Levels seen in this place.
 G = Mean time per level.
                   A        B        C        D        E       F      G
               +--------+--------+--------+--------+--------+-----+--------+
         Total |   1239 |   1235 |      4 |     83 |    826 |   3 |  413.0 |
       Dungeon |   1239 |   1235 |      4 |     83 |    826 |   3 |  413.0 |
               +--------+--------+--------+--------+--------+-----+--------+

Top non-repeatable levels by time:
     D:1: 852 daAuts
     D:2: 338 daAuts
     D:4: 47 daAuts
